 Dungeon Crawl Stone Soup version 0.21-a0-142-gdd972a7 (webtiles) character file.

415 grindst0ne the Firebug (level 6, 0/45 HPs)
             Began as a Hill Orc Fire Elementalist on July 22, 2017.
             Slain by an ogre
             ... wielding a +0 giant spiked club
              (21 damage)
             ... on level 4 of the Dungeon.
             The game lasted 00:10:47 (5013 turns).

grindst0ne the Firebug (Hill Orc Fire Elementalist) Turns: 5013, Time: 00:10:47

Health: 0/45       AC:  4    Str: 11    XL:     6   Next: 92%
Magic:  4/8        EV: 12    Int: 17    God:
Gold:   222        SH:  0    Dex: 11    Spells: 0/8 levels left

rFire    . . .     SeeInvis .   j - +0 hand axe
rCold    . . .     Gourm    .   (no shield)
rNeg     . . .     Faith    .   a - +0 robe
rPois    .         Spirit   .   t - +0 helmet
rElec    .         Reflect  .   (no cloak)
rCorr    .         Harm     .   p - +0 pair of gloves
MR       .....                  (no boots)
Stlth    ++........             y - amulet of magic regeneration
HPRegen  0.15/turn              (no ring)
MPRegen  0.36/turn              (no ring)

@: no status effects
A: no striking features
a: no special abilities


You were on level 4 of the Dungeon.
You were not hungry.

You visited 1 branch of the dungeon, and saw 4 of its levels.

You collected 222 gold pieces.

Inventory:

Hand Weapons
 j - a +0 hand axe (weapon)
Armour
 a - a +0 robe (worn)
 d - a +0 leather armour
 p - a +0 pair of gloves (worn)
 t - a +0 helmet (worn)
Jewellery
 y - an amulet of magic regeneration (around neck)
Wands
 s - a wand of paralysis (0/24)
Scrolls
 f - a scroll of magic mapping {unknown}
 i - a scroll of enchant armour {unknown}
 l - 4 scrolls of remove curse
 m - a scroll of enchant weapon {unknown}
 q - a scroll of teleportation {unknown}
 v - a scroll of fog {unknown}
 w - a scroll of immolation {unknown}
Potions
 g - a potion of curing
 k - a potion of agility
 o - a potion of might {unknown}
 u - a potion of cancellation {unknown}
 z - a potion of berserk rage {unknown}
Books
 b - a book of Flames

   Spells                             Type                      Level
   a - Flame Tongue                   Conjuration/Fire             1
   b - Throw Flame                    Conjuration/Fire             2
   c - Conjure Flame                  Conjuration/Fire             3
   d - Inner Flame                    Hexes/Fire                   3
   e - Sticky Flame                   Conjuration/Fire             4
   f - Fireball                       Conjuration/Fire             5
Comestibles
 c - a bread ration
 n - 6 royal jellies
 r - a chunk of flesh
 x - a meat ration


   Skills:
 - Level 1.5 Dodging
 - Level 1.5 Stealth
 - Level 1.5 Spellcasting
 + Level 4.8 Conjurations
 + Level 6.2 Fire Magic


You couldn't memorise any spells.
You knew the following spells:

 Your Spells              Type           Power        Failure   Level  Hunger
a - Flame Tongue          Conj/Fire      ###..        1%          1    ##.....
b - Conjure Flame         Conj/Fire      ###.....     6%          3    ####...
c - Sticky Flame          Conj/Fire      ###.....     21%         4    #####..


Dungeon Overview and Level Annotations

Branches:
Dungeon (4/15)
 Temple: D:4-7

Altars:
Dithmenos
Qazlal
Ru
Yredelemnul

Annotations:
D:3 Natasha


Message History

You climb downwards.
The ogre hits you with a giant spiked club!!
Ouch! That really hurt!
* * * LOW HITPOINT WARNING * * *
There is a stone staircase leading up, spattered with blood here.
You feel much better.
The ogre hits you with a giant spiked club!!
Ouch! That really hurt!
* * * LOW HITPOINT WARNING * * *
You feel better.
Casting: Flame Tongue
Confirm with . or Enter, or press ? or * to list all spells.
Aiming: Sticky Flame
Press: ? - help, Shift-Dir - straight line, f - ogre
Aim: an ogre, wielding a giant spiked club The sticky flame hits the ogre.
The ogre is lightly wounded.
The ogre is covered in liquid flames!
The ogre burns!
The ogre hits you with a giant spiked club!!
You die...

#### #############
#... ##^..<.#.....##
#...
##.............###...
#...@O...............
#..............#.....
#.............###...#
#..............#..#..
#........>.......###.
##..............####.
##.....#........##..
#####....##..#.....
####..#.###...#


You could see an ogre (burning).

Vanquished Creatures
  A phantom (D:4)
  A water moccasin zombie (D:3)
  A quasit (D:3)
  Natasha (twice) (D:3)
  A worker ant (D:3)
  Robin (D:4)
  4 adders
  A worm (D:3)
  4 dart slugs
  6 leopard geckos
  4 giant cockroaches
  21 goblins
  12 hobgoblins
  16 jackals
  A quokka (D:2)
  5 bats
  8 frilled lizards
  5 kobolds
  5 rats
99 creatures vanquished.

Notes
Turn   | Place    | Note
-------+----------+-------------------------------------------
     0 | D:1      | grindst0ne the Hill Orc Fire Elementalist began the quest for the Orb.
     0 | D:1      | Reached XP level 1. HP: 14/14 MP: 3/3
   253 | D:1      | Reached XP level 2. HP: 18/20 MP: 1/4
   877 | D:1      | Reached XP level 3. HP: 26/26 MP: 0/5
   887 | D:1      | Learned a level 3 spell: Conjure Flame
  1251 | D:2      | Reached skill level 4 in Fire Magic
  1600 | D:2      | Reached XP level 4. HP: 32/33 MP: 2/6
  2634 | D:3      | Reached skill level 5 in Fire Magic
  2634 | D:3      | Reached XP level 5. HP: 11/38 MP: 0/7
  3198 | D:3      | Noticed Natasha
  3202 | D:3      | Killed Natasha
  3260 | D:3      | Reached XP level 6. HP: 44/45 MP: 3/8
  3829 | D:3      | Noticed Natasha
  3834 | D:3      | Killed Natasha
  4114 | D:4      | Noticed Robin
  4159 | D:4      | Killed Robin
  4282 | D:4      | Learned a level 4 spell: Sticky Flame
  4300 | D:4      | Found a shadowy altar of Dithmenos.
  4439 | D:4      | Noticed a phantom
  4465 | D:3      | Found a sacrificial altar of Ru.
  4465 | D:3      | Found a basalt altar of Yredelemnul.
  4479 | D:3      | Found a stormy altar of Qazlal.
  4516 | D:3      | Noticed Natasha
  4753 | D:4      | Killed a phantom
  4753 | D:4      | Reached skill level 6 in Fire Magic
  5013 | D:4      | Slain by an ogre

Vault maps used:
D:1:      lemuel_arrival_river_ford, minmay_misc_feat_pillars
D:2:      minmay_close_crescents
D:3:      kennysheep_big_flooded_room, nicolae_overflow_hidden_temple,
          first_bread, chequers_big_river, uniq_natasha
D:4:      serial_glass, glass_columns_a, glass_columns_a,
          minmay_strange_pillars, nicolae_dithmenos_shadow_blocks, uniq_robin

Skill      XL: |  1  2  3  4  5  6 |
---------------+-------------------+-----
Conjurations   | 2 3 4 |  4.8
Fire Magic     | 4 5 6 |  6.2
Dodging        | |  1.5
Stealth        | |  1.5
Spellcasting   | |  1.5

Action                   |  1- 3 |  4- 6 || total
-------------------------+-------+-------++-------
Melee: Unarmed           |     3 |       ||     3
       Hand axe          |    15 |    84 ||    99
 Cast: Flame Tongue      |    56 |   135 ||   191
       Sticky Flame      |       |     4 ||     4
Evoke: Wand              |     2 |       ||     2
  Use: Scroll            |       |     4 ||     4
       Potion            |       |     2 ||     2
 Stab: Paralysed         |     2 |       ||     2
  Eat: Chunk             |     3 |     8 ||    11
       Bread ration      |       |     2 ||     2
Armor: Robe              |     5 |    52 ||    57
Dodge: Dodged            |    17 |   135 ||   152
